 Dungeon Crawl Stone Soup version 0.21.1 (webtiles) character file.

75 tidbits the Insei (level 4, -10/34 HPs)
             Began as a Gnoll Transmuter on Feb 4, 2018.
             Shot with an arrow by a centaur (16 damage)
             ... on level 4 of the Dungeon.
             The game lasted 00:05:33 (503 turns).

tidbits the Insei (Gnoll Transmuter)                 Turns: 503, Time: 00:05:34

Health: -10/34     AC:  2    Str: 12    XL:     4   Next: 31%
Magic:  4/11       EV: 24    Int: 16    God:
Gold:   84         SH:  0    Dex: 21    Spells: 7/13 levels left

rFire    + . .     SeeInvis .     - Unarmed
rCold    . . .     Gourm    .   (shield currently unavailable)
rNeg     . . .     Faith    .   (armour currently unavailable)
rPois    x         Spirit   .   (helmet currently unavailable)
rElec    .         Reflect  .   (cloak currently unavailable)
rCorr    .         Harm     .   (gloves currently unavailable)
MR       .....                  (boots currently unavailable)
Stlth    ++........             (no amulet)
HPRegen  0.11/turn              s - ring of protection from fire
MPRegen  0.12/turn              (no ring)

@: spider-form, flying
A: tiny, distributed training, strong nose
a: End Transformation


You were on level 4 of the Dungeon.
You were full.
You were a venomous arachnid creature.
You visited 1 branch of the dungeon, and saw 5 of its levels.

You collected 84 gold pieces.

Inventory:

Hand Weapons
 i - a +0 short sword
Missiles
 a - 5 arrows
 j - 22 stones
 k - 8 tomahawks (quivered)
 o - 5 curare-tipped needles
 r - 18 bolts
Armour
 b - a +0 robe (melded)
Jewellery
 s - a ring of protection from fire (left front leg)
   (You found it on level 4 of the Dungeon)
Scrolls
 e - a scroll of noise {unknown}
 g - a scroll of immolation {unknown}
 l - a scroll of identify {unknown}
 m - a scroll of remove curse {unknown}
 n - a scroll of enchant weapon {unknown}
 p - a scroll of enchant armour {unknown}
 t - a scroll of magic mapping {unknown}
Potions
 f - a potion of heal wounds {unknown}
 q - a potion of flight
Books
 c - a book of Changes

   Spells                             Type                      Level
   a - Beastly Appendage              Transmutation                1
   b - Sticks to Snakes               Transmutation                2
   c - Spider Form                    Transmutation/Poison         3
   d - Ice Form                       Ice/Transmutation            4
   e - Blade Hands                    Transmutation                5
Comestibles
 d - 4 rations
 u - 3 chunks of flesh


   Skills:
 + Level 2.7 Fighting
 + Level 1.1 Short Blades
 + Level 1.1 Long Blades
 + Level 1.1 Axes
 + Level 1.1 Maces & Flails
 + Level 1.1 Polearms
 + Level 1.1 Staves
 + Level 1.1 Slings
 + Level 1.1 Bows
 + Level 1.1 Crossbows
 + Level 1.1 Throwing
 + Level 1.1 Armour
 + Level 4.6 Dodging
 + Level 1.1 Stealth
 + Level 1.1 Shields
 + Level 6.6 Unarmed Combat
 + Level 5.0 Spellcasting
 + Level 0.8 Conjurations
 + Level 0.8 Hexes
 + Level 0.8 Charms
 + Level 0.8 Summonings
 + Level 0.8 Necromancy
 + Level 0.8 Translocations
 + Level 3.8 Transmutations
 + Level 0.8 Fire Magic
 + Level 0.8 Ice Magic
 + Level 0.8 Air Magic
 + Level 0.8 Earth Magic
 + Level 0.8 Poison Magic
 + Level 1.2 Invocations
 + Level 1.1 Evocations


You had 7 spell levels left.
You knew the following spells:

 Your Spells              Type           Power        Failure   Level  Hunger
e - Beastly Appendage     Tmut           ###...       11%         1    None
k - Sticks to Snakes      Tmut           ###.....     14%         2    #......
p - Spider Form           Tmut/Pois      ##........   36%         3    ###....


Dungeon Overview and Level Annotations

Branches:
Dungeon (5/15)
 Temple: D:4-7

Altars:
Trog

Annotations:
D:3 Robin


Innate Abilities, Weirdness & Mutations

Your experience applies equally to all skills.
((You have very sharp teeth.))
Your uncanny sense of smell can sniff out nearby items.


Message History

Your adder bites the gnoll.
You hit the gnoll.
The gnoll is poisoned.
The gnoll is heavily wounded.
Your adder misses the gnoll. You hit the gnoll but do no damage.
The gnoll is heavily wounded.
Your adder closely misses the gnoll.
The gnoll hits you with a club.
* * * LOW HITPOINT WARNING * * *
You hit the gnoll.
The gnoll looks as sick as possible!
The gnoll is almost dead.
You kill the gnoll!
You have reached level 4!
You feel agile.
Casting: Sticks to Snakes
Confirm with . or Enter, or press ? or * to list all spells.
You create a snake!
You now have 5 arrows.
You kill the gnoll!
Your adder bites the howler monkey skeleton.
The howler monkey skeleton hits your adder.
Your adder bites the howler monkey skeleton.
You swap places.
The howler monkey skeleton completely misses you.
Items here: )) †† a club; a spear; a gnoll corpse x2
You hit the howler monkey skeleton but do no damage.
The howler monkey skeleton is heavily damaged.
Your transformation is almost over.
The howler monkey skeleton completely misses you.
The howler monkey skeleton misses your adder.
Your adder bites the howler monkey skeleton.
What are your orders? t - Hiss!
Orders for allies: a - Attack new target. r - Retreat! s - Stop attacking. g - Guard the area. f - Follow me.
Anything else - Cancel.
Gang up on whom?
Press: ? - help, Dir - move target cursor, f - howler monkey skeleton
Aim: a howler monkey skeleton (heavily damaged) Attack!
The howler monkey skeleton barely misses your adder.
The howler monkey skeleton closely misses your ball python.
Your adder bites the howler monkey skeleton.
Your ball python barely misses the howler monkey skeleton.
Your ball python grabs the howler monkey skeleton.
Your ball python constricts the howler monkey skeleton.
Your adder bites the howler monkey skeleton.
The howler monkey skeleton barely misses your ball python.
Your ball python bites the howler monkey skeleton.
Your ball python constricts the howler monkey skeleton.
Your adder bites the howler monkey skeleton.
The howler monkey skeleton is destroyed!
You see here a ball python corpse.
You butcher the ball python corpse.
You see here 3 chunks of flesh.
u - 3 chunks of flesh You swap places.
Items here: )) †† a club; a spear; a gnoll corpse x2
Your transformation has ended.
Your +0 robe unmelds from your body.
Your adder withers and dies!
Your ball python withers and dies!
Found three items.
Found 9 gold pieces.
Found 13 gold pieces and 14 stones.
Found 6 gold pieces.
Found 14 poisoned needles.
You see here a glowing sapphire potion.
q - 2 glowing sapphire potions (gained 1)
Things that are here:
9 gold pieces; 18 stones
j - 22 stones (gained 18)
You now have 84 gold pieces (gained 9).
A centaur comes into view.
The centaur shouts!
You see here 20 stones.
Casting: Sticks to Snakes
Confirm with . or Enter, or press ? or * to list all spells.
You turn into a venomous arachnid creature.
Your +0 robe melds into your body.
The centaur wields a shortbow.
The centaur shoots an arrow.
The arrow closely misses you.
The centaur shoots an arrow.
The arrow completely misses you.
The centaur shoots an arrow.
The arrow hits you.
* * * LOW HITPOINT WARNING * * *
Found a glowing ivory ring.
You see here an arrow.
The centaur shoots an arrow.
The arrow hits you.
* * * LOW HITPOINT WARNING * * *
Things that are here:
an arrow; 6 gold pieces It was a potion of flight.
You feel very buoyant.
You fly up into the air.
The centaur shoots an arrow.
The arrow misses you.
It was a potion of curing.
You feel better.
The centaur shoots an arrow.
The arrow hits you!
* * * LOW HITPOINT WARNING * * *
The centaur shoots an arrow.
The arrow misses you.
The centaur shoots an arrow.
The arrow barely misses you.
The centaur shoots an arrow.
The arrow hits you!
You die...

..#####.............#
..> #..#.......$... ...
#.............. ...
#..............
#.####..#...........
..#...#..#.(.....###..
....(..?.((..........
...###....(.........##.
#...c.s.(..(.##.####
..............# .#
#####.........# .(
##.##......=...
#..............
#####..........#
#....#### ....#


You could see a centaur.

Vanquished Creatures
  3 gnolls (D:4)
  An adder (D:3)
  A worm (D:2)
  A ball python (D:4)
  3 goblins (D:2)
  2 hobgoblins
  2 jackals (D:2)
  2 kobolds
  A quokka (D:3)
  5 bats (D:2)
  3 rats
24 creatures vanquished.

Vanquished Creatures (collateral kills)
  A hound skeleton (D:4)
  A howler monkey skeleton (D:4)
  An adder (D:2)
  A frilled lizard (D:4)
4 creatures vanquished.

Grand Total: 28 creatures vanquished

Notes
Turn   | Place    | Note
-------+----------+-------------------------------------------
     0 | D:1      | tidbits the Gnoll Transmuter began the quest for the Orb.
     0 | D:1      | Reached XP level 1. HP: 17/17 MP: 6/6
   144 | D:2      | Reached XP level 2. HP: 23/23 MP: 7/7
   148 | D:2      | Learned a level 2 spell: Sticks to Snakes
   168 | D:3      | Noticed Robin
   250 | D:2      | Reached skill level 5 in Spellcasting
   250 | D:2      | Reached XP level 3. HP: 17/28 MP: 3/9
   255 | D:2      | Learned a level 3 spell: Spider Form
   378 | D:4      | Reached skill level 1 in Invocations
   401 | D:5      | Entered Level 5 of the Dungeon
   412 | D:5      | Found a bloodstained altar of Trog.
   445 | D:4      | Reached skill level 1 in Short Blades
   445 | D:4      | Reached skill level 1 in Long Blades
   445 | D:4      | Reached skill level 1 in Axes
   445 | D:4      | Reached skill level 1 in Maces & Flails
   445 | D:4      | Reached skill level 1 in Polearms
   445 | D:4      | Reached skill level 1 in Staves
   445 | D:4      | Reached skill level 1 in Slings
   445 | D:4      | Reached skill level 1 in Bows
   445 | D:4      | Reached skill level 1 in Crossbows
   445 | D:4      | Reached skill level 1 in Throwing
   445 | D:4      | Reached skill level 1 in Armour
   445 | D:4      | Reached skill level 1 in Stealth
   445 | D:4      | Reached skill level 1 in Shields
   445 | D:4      | Reached skill level 1 in Evocations
   452 | D:4      | Reached XP level 4. HP: 9/34 MP: 3/11
   496 | D:4      | Noticed a centaur
   503 | D:4      | Shot with an arrow by a centaur

Skill      XL: |  1  2  3 |
---------------+----------+-----
Spellcasting   | 5 |  5.0
Invocations    | 1 |  1.2
Short Blades   | 1 |  1.1
Long Blades    | 1 |  1.1
Axes           | 1 |  1.1
Maces & Flails | 1 |  1.1
Polearms       | 1 |  1.1
Staves         | 1 |  1.1
Slings         | 1 |  1.1
Bows           | 1 |  1.1
Crossbows      | 1 |  1.1
Throwing       | 1 |  1.1
Armour         | 1 |  1.1
Stealth        | 1 |  1.1
Shields        | 1 |  1.1
Evocations     | 1 |  1.1
Fighting       | |  2.7
Dodging        | |  4.6
Unarmed Combat | |  6.6
Conjurations   | |  0.8
Hexes          | |  0.8
Charms         | |  0.8
Summonings     | |  0.8
Necromancy     | |  0.8
Translocations | |  0.8
Transmutations | |  3.8
Fire Magic     | |  0.8
Ice Magic      | |  0.8
Air Magic      | |  0.8
Earth Magic    | |  0.8
Poison Magic   | |  0.8

Action                   |  1- 3 |  4- 6 || total
-------------------------+-------+-------++-------
Melee: Unarmed           |    48 |     1 ||    49
       Kick              |     4 |       ||     4
       Bite              |     4 |       ||     4
       Headbutt          |     5 |       ||     5
 Cast: Beastly Appendage |    11 |       ||    11
       Sticks to Snakes  |     6 |     1 ||     7
       Spider Form       |     3 |     1 ||     4
  Use: Potion            |       |     2 ||     2
  Eat: Ration            |     1 |       ||     1
Armor: Robe              |     6 |       ||     6
Dodge: Dodged            |    35 |     7 ||    42

Table legend:
 A = Turns spent in this place as a percentage of turns spent in the entire game.
 B = Non-inter-level travel turns spent in this place as a percentage of non-inter-level travel turns spent in the entire game.
 C = Inter-level travel turns spent in this place as a percentage of turns spent in this place.
 D = Turns resting spent in this place as a percentage of non-inter-level travel turns spent in this place.
 E = Turns spent auto-exploring this place as a percentage of non-inter-level travel turns spent in this place.
 F = Non-inter-level travel turns spent in this place divided by the number of levels of this place that you've seen.
                   A       B       C       D       E      F
               +-------+-------+-------+-------+-------+----------------------
         Total | 100.0 | 100.0 |   0.0 |   0.0 |   0.0 | 100.6
       Dungeon | 100.0 | 100.0 |   0.0 |   0.0 |   0.0 | 100.6
               +-------+-------+-------+-------+-------+----------------------

Table legend:
 A = Kills in this place as a percentage of kills in entire the game.
 B = Kills by you in this place as a percentage of kills by you in the entire game.
 C = Kills by friends in this place as a percentage of kills by friends in the entire game.
 D = Other kills in this place as a percentage of other kills in the entire game.
 E = Experience gained in this place as a percentage of experience gained in the entire game.
 F = Experience gained in this place divided by the number of levels of this place that you have seen.
                   A       B       C       D       E      F
               +-------+-------+-------+-------+-------+----------------------
         Total | 100.0 | 100.0 | 100.0 |   N/A | 100.0 |  21.6
       Dungeon | 100.0 | 100.0 | 100.0 |   N/A | 100.0 |  21.6
               +-------+-------+-------+-------+-------+----------------------

Vault maps used:
D:1:      saegor_arrival_simple_a, minmay_misc_feat_secret_circle
D:2:      lemuel_blue_sif_altar, first_ration
D:3:      lemuel_coloured_pillars_altar, minmay_misc_feat_more_columns,
          lemuel_angel_altar, uniq_robin
D:4:      temple_fountains, serial_bayou_crossing
D:5:      old_standard_altar, gup_ossuary_entry_pyramid
